 Dungeon Sprint DCSS version 0.26-a0-690-gcb57259078 (webtiles) character file.

Game seed: 10348050835940264201

4780 jfcaron the Brawler (level 10, 0/119 HPs)
             Began as a Troll Berserker on Oct 24, 2020.
             Was a High Priest of Trog.
             Slain by a 14-headed hydra (3 damage)
             ... in the Dungeon (Sprint I: "Red Sonja").
             The game lasted 00:03:40 (740 turns).

jfcaron the Brawler (Troll Berserker)                Turns: 740, Time: 00:03:44

Health: 0/119      AC:  6    Str: 30    XL:     10   Next: 23%
Magic:  9/9        EV: 10    Int:  3    God:    Trog [*****.]
Gold:   33         SH:  0    Dex:  9    Spells: 9/9 levels left

rFire    . . .     SeeInvis .     - Unarmed
rCold    + . .     Faith    .   (no shield)
rNeg     . . .     Spirit   .   a - +0 animal skin
rPois    .         Reflect  .   (helmet restricted)
rElec    .         Harm     .   (no cloak)
rCorr    .         Rampage  .   (gloves unavailable)
MR       .....     NoTele   +   (boots unavailable)
Stlth    +.........             (no amulet)
HPRegen  0.69/turn              l - ring of protection from cold
MPRegen  0.11/turn              (no ring)

@: no status effects
A: large, unfitting armour, claws 3, regeneration 1, shaggy fur 1, tough skin 3
a: Berserk, Trog's Hand, Brothers in Arms, Renounce Religion


You were in the Dungeon.
You worshipped Trog.
Trog was extremely pleased with you.
You visited 1 branch You collected 553 gold pieces.
You spent 520 gold pieces at shops.

Inventory:

Hand Weapons
 n - a +6 quick blade
Missiles
 i - 4 large rocks (quivered)
Armour
 a - a +0 animal skin (worn)
Jewellery
 l - a ring of protection from cold (left claw)
Wands
 h - a wand of polymorph (10)
Scrolls
 g - a scroll of blinking
 k - a scroll of identify {unknown}
Potions
 b - a potion of curing
 c - a potion of heal wounds
 d - a potion of haste
 e - 2 potions of magic
 f - a potion of berserk rage
Miscellaneous
 j - a condenser vane (2/2)
 m - a box of beasts (3/3)


   Skills:
 + Level 13.5 Fighting
 - Level 5.0 Throwing
 - Level 2.4 Dodging
 + Level 15.8 Unarmed Combat
 + Level 4.4 Evocations


You had 9 spell levels left.
You didn't know any spells.
Your spell library was empty.

Dungeon Overview and Level Annotations

Branches:
Dungeon (1/1)

Altars:
Cheibriados
Dithmenos
Elyvilon
Fedhas
Gozag
Hepliaklqana
Kikubaaqudgha
Makhleb
Nemelex Xobeh
Okawaru
Qazlal
Ru
Sif Muna
Trog
Uskayaw
Vehumet
Wu Jian
Xom
Yredelemnul
Zin
The Shining One
Jiyva
Lugonu

Shops:
D }


Innate Abilities, Weirdness & Mutations

You are too large for most types of armour.
You have claws for hands.
Your natural rate of healing is unusually fast.
You are covered in fur. (AC +1)
You have extremely tough skin. (AC +3)


Message History

The 12-headed hydra grows two more!
The 14-headed hydra barely misses your troll.
The 14-headed hydra bites your troll but does no damage.
The 14-headed hydra bites your troll! x3; The 14-headed hydra bites your troll. x3
The 14-headed hydra bites your troll!
The 14-headed hydra bites your troll. x3
Your troll dies!
Your troll's corpse disappears in a puff of smoke!
The 14-headed hydra roars!
Okay, then.
Unknown command.
Evoke which item? (* to show all) (? for menu, Esc to quit)
Okay, then.
Unknown command.
Your ogre goes berserk!
The 14-headed hydra barely misses you. The 14-headed hydra bites you.
* * * LOW HITPOINT WARNING * * *
The 14-headed hydra misses you. The 14-headed hydra bites you!
* * * LOW HITPOINT WARNING * * *
The 14-headed hydra bites you.
You die...

#######################
))..#[.#§§†§†§§O@DG'.$#
#...##'#§####.§§§§##$.+
#...)..#§# ##§§§## ##
#####..§§# ###+# #+####
#.# #.○○ #.. #°..° ##.
###○○^ .# ...# ##


You could see a 14-headed hydra, a floating eye (charged) and a friendly ogre
(summoned, berserk).

Vanquished Creatures
  A lindwurm (D)
  A gargoyle (D)
  2 kobold demonologists (D)
  4 demonic crawlers (D)
  A slime creature (D)
  Sigmund (D)
  A yak (D)
  13 hogs (D)
  A floating eye (D)
  An ogre (D)
  A jelly (D)
  Ijyb (D)
28 creatures vanquished.

Notes
Turn   | Place    | Note
-------+----------+-------------------------------------------
     0 | D        | jfcaron the Troll Berserker began the quest for the Orb.
     0 | D        | Reached XP level 1. HP: 22/22 MP: 0/0
     1 | D        | Noticed Ijyb
     9 | D        | Killed Ijyb
     9 | D        | Reached skill level 4 in Unarmed Combat
     9 | D        | Reached XP level 2. HP: 32/32 MP: 1/1
    24 | D        | Noticed an ogre
    27 | D        | Killed an ogre
    27 | D        | Reached skill level 5 in Fighting
    27 | D        | Reached skill level 7 in Unarmed Combat
    27 | D        | Reached XP level 3. HP: 44/44 MP: 2/2
    27 | D        | Reached XP level 4. HP: 52/52 MP: 3/3
    85 | D        | Noticed Sigmund
   101 | D        | Killed Sigmund
   101 | D        | Reached ** piety under Trog
   101 | D        | Reached skill level 9 in Unarmed Combat
   101 | D        | Reached XP level 5. HP: 53/63 MP: 4/4
   101 | D        | Reached XP level 6. HP: 61/72 MP: 5/5
   150 | D        | Found an ornate altar of the Wu Jian Council.
   150 | D        | Found a shimmering blue altar of Sif Muna.
   152 | D        | Found a radiant altar of Vehumet.
   177 | D        | Found Bot Fior's Gadget Emporium.
   177 | D        | Found an ancient bone altar of Kikubaaqudgha.
   177 | D        | Found a hazy altar of Hepliaklqana.
   177 | D        | Found a stormy altar of Qazlal.
   177 | D        | Found a hide-covered altar of Uskayaw.
   177 | D        | Found a blossoming altar of Fedhas.
   177 | D        | Found a bloodstained altar of Trog.
   177 | D        | Found an iron altar of Okawaru.
   177 | D        | Found a basalt altar of Yredelemnul.
   177 | D        | Found a glowing golden altar of the Shining One.
   177 | D        | Found a snail-covered altar of Cheibriados.
   177 | D        | Found a sacrificial altar of Ru.
   177 | D        | Found a glowing silver altar of Zin.
   177 | D        | Found a shadowy altar of Dithmenos.
   177 | D        | Found a white marble altar of Elyvilon.
   177 | D        | Noticed a yak
   180 | D        | Killed a yak
   180 | D        | Reached skill level 10 in Unarmed Combat
   181 | D        | Found an opulent altar of Gozag.
   182 | D        | Found a sparkling altar of Nemelex Xobeh.
   186 | D        | Bought a condenser vane (2/2) for 260 gold pieces
   205 | D        | Found a burning altar of Makhleb.
   205 | D        | Found a viscous altar of Jiyva.
   205 | D        | Found a shimmering altar of Xom.
   205 | D        | Found a corrupted altar of Lugonu.
   205 | D        | Noticed a slime creature
   210 | D        | Killed a slime creature
   210 | D        | Reached *** piety under Trog
   210 | D        | Reached XP level 7. HP: 51/83 MP: 6/6
   272 | D        | Noticed a kobold demonologist
   275 | D        | Reached skill level 5 in Throwing
   275 | D        | Reached skill level 11 in Unarmed Combat
   284 | D        | Noticed a sun demon
   284 | D        | Noticed a kobold demonologist
   286 | D        | Killed a kobold demonologist
   286 | D        | Reached skill level 10 in Fighting
   286 | D        | Reached skill level 12 in Unarmed Combat
   286 | D        | Reached XP level 8. HP: 93/93 MP: 7/7
   290 | D        | Killed a kobold demonologist
   290 | D        | Reached **** piety under Trog
   330 | D        | Noticed a demonic crawler
   330 | D        | Noticed a demonic crawler
   330 | D        | Noticed a demonic crawler
   330 | D        | Noticed a demonic crawler
   334 | D        | Killed a demonic crawler
   340 | D        | Killed a demonic crawler
   340 | D        | Reached skill level 13 in Unarmed Combat
   345 | D        | Killed a demonic crawler
   345 | D        | Reached ***** piety under Trog
   345 | D        | Reached XP level 9. HP: 58/106 MP: 8/8
   347 | D        | HP: 22/159 [demonic crawler (13)]
   352 | D        | Killed a demonic crawler
   352 | D        | Reached skill level 14 in Unarmed Combat
   501 | D        | Noticed a gargoyle
   511 | D        | Killed a gargoyle
   530 | D        | Noticed a lindwurm
   534 | D        | Killed a lindwurm
   620 | D        | Bought a box of beasts (3/3) for 260 gold pieces
   651 | D        | Reached skill level 15 in Unarmed Combat
   652 | D        | Reached skill level 1 in Evocations
   657 | D        | Reached ****** piety under Trog
   662 | D        | Received a gift from Trog
   665 | D        | Reached XP level 10. HP: 108/119 MP: 9/9
   736 | D        | Noticed a 12-headed hydra
   737 | D        | HP: 18/119 [12-headed hydra (7)]
   740 | D        | HP: 3/119 [14-headed hydra (12)]
   740 | D        | Slain by a 14-headed hydra

Illustrated notes

Levels and vault maps discovered:
D:        dungeon_sprint_1 [red_sonja_temple_1, red_sonja_temple_small_1]

Skill      XL: |  1  2  3  4  5  6  7  8  9 10 |
---------------+-------------------------------+-----
Fighting       | 4 5 7 9 10 11 13 | 13.5
Unarmed Combat | 4 7 9 10 12 13 15 | 15.8
Throwing       | 4 5 |  5.0
Evocations     | 3 4 |  4.4
Dodging        | |  2.4

Action                   |  1- 3 |  4- 6 |  7- 9 | 10-12 || total
-------------------------+-------+-------+-------+-------++-------
Melee: Unarmed           |     8 |    17 |    57 |    14 ||    96
       Punch             |       |     3 |     4 |     1 ||     8
Throw: Large rock        |       |     1 |       |       ||     1
Invok: Berserk           |     1 |     1 |     2 |       ||     4
       Trog's Hand       |       |       |     1 |       ||     1
       Brothers in Arms  |       |       |       |     2 ||     2
Armor: Animal skin       |       |     2 |    12 |     4 ||    18
Dodge: Dodged            |     3 |     3 |    25 |     3 ||    34

Table legend: (Time is in decaauts)
 A = Elapsed time spent in this place.
 B = Non-inter-level travel time spent in this place.
 C = Inter-level travel time spent in this place.
 D = Time resting spent in this place.
 E = Time spent auto-exploring this place.
 F = Levels seen in this place.
 G = Mean time per level.
                   A        B        C        D        E       F      G
               +--------+--------+--------+--------+--------+-----+--------+
         Total |    758 |    699 |     59 |    454 |      0 |   1 |  758.0 |
       Dungeon |    758 |    699 |     59 |    454 |      0 |   1 |  758.0 |
               +--------+--------+--------+--------+--------+-----+--------+

Top non-repeatable levels by time:
       D: 758 daAuts
